 Dungeon Crawl Stone Soup version 0.17-a0-119-g2b06fc5 (webtiles) character file.

78 maniek23 the Sneak (level 4, -7/31 HPs)
             Began as a Vampire Enchanter on Mar 21, 2015.
             Killed by nerve-wracking pain
             ... invoked by Grinder
              (11 damage)
             ... while paralysed by Grinder
             ... on level 3 of the Dungeon.
             The game lasted 00:04:01 (1119 turns).

maniek23 the Sneak (Vampire Enchanter)              Turns: 1119, Time: 00:04:01

Health: -7/31      AC:  4    Str:  7    XL:     4   Next: 15%
Magic:  6/7        EV:  2    Int: 18    God:
Gold:   198        SH:  0    Dex: 14    Spells: 2 memorised, 4 levels left

rFire  . . .     SeeInvis +     a - +1 dagger
rCold  . . .     Clarity  .     b - +1 robe
rNeg   . . .     SustAb   .     (no shield)
rPois  +         Gourm    .     e - +0 helmet
rElec  .         Spirit   .     (no cloak)
rCorr  .         Warding  .     (no gloves)
rMut   .         Stasis   .     (no boots)
MR     .....                    (no amulet)
Stlth  +++.......               (no ring)
                                i - ring of poison resistance

@: paralysed, regenerating quickly, not resistant to hostile enchantments,
fairly stealthy
A: bottle blood, fangs 3, see invisible, unbreathing
a: no special abilities


You were on level 3 of the Dungeon.
You were full.

You visited 1 branch of the dungeon, and saw 3 of its levels.

You collected 198 gold pieces.

Inventory:

Hand weapons
 a - a +1 dagger (weapon)
 j - a +0 short sword
Armour
 b - a +1 robe (worn)
 e - a +0 helmet (worn)
Jewellery
 i - a ring of poison resistance (left hand)
Magical devices
 q - a wand of polymorph (14)
Scrolls
 f - 4 scrolls of identify {unknown}
 h - a scroll of recharging {unknown}
 k - 2 scrolls of enchant armour {unknown}
 m - a scroll of magic mapping {unknown}
 n - a scroll of enchant weapon {unknown}
 o - 3 scrolls of teleportation {unknown}
 p - a scroll of immolation {unknown}
 s - 2 scrolls of fear {unknown}
 u - a scroll of remove curse {unknown}
Potions
 d - 12 potions of blood
 g - a potion of haste {unknown}
 l - a potion of lignification {unknown}
 r - a potion of curing {unknown}
 t - a potion of restore abilities {unknown}
Books
 c - a book of Maledictions

   Spells                             Type                      Level
   a - Corona                         Hexes                        1
   b - Sure Blade                     Hexes/Charms                 2
   c - Ensorcelled Hibernation        Hexes/Ice                    2
   d - Confuse                        Hexes                        3
   e - Dazzling Spray                 Conjuration/Hexes            3
   f - Enslavement                    Hexes                        4


   Skills:
 + Level 0.3 Fighting
 + Level 1.8 Short Blades
 + Level 3.8 Dodging
 + Level 5.0 Stealth
 + Level 2.1 Spellcasting
 + Level 4.7 Hexes


You had 4 spell levels left.
You knew the following spells:

 Your Spells              Type           Power        Failure   Level  Hunger
a - Corona                Hex            ###....      2%          1    #......
b - Ensorcelled Hibernat  Hex/Ice        ##....       12%         2    ###....


Dungeon Overview and Level Annotations

Branches:
Dungeon (3/15)

Altars:

Annotations:
D:3 Grinder


Innate Abilities, Weirdness & Mutations

Your natural rate of healing is unusually fast.
You can bottle blood from corpses.
You have razor-sharp teeth.
You have supernaturally acute eyesight.
You can survive without breathing.


Message History

You closely miss Grinder.
Grinder is lightly wounded.
Grinder says, "There's only one good use for a tongue: cutting it out."
Grinder hits you!
You writhe in agony.
* * * LOW HITPOINT WARNING * * *
You are too injured to fight recklessly!
You are too injured to fight recklessly!
You are too injured to fight recklessly!
You are too injured to fight recklessly!
You hit Grinder but do no damage. Grinder gestures at you.
You suddenly lose the ability to move!
Grinder completely misses you.
A giant cockroach comes into view.
The giant cockroach moves out of view.
Grinder hits you.
* * * LOW HITPOINT WARNING * * *
Grinder hits you but does no damage. Grinder gestures at you.
Pain shoots through your body!
You die...

#..s# #...# #...# ##
######...##.###
###.............##
....................
#......!......###.
....#####...##.#.....
#..@###.8..#
#...5.....#
#...#..8..#
#...#.....+ .
##.###.8..# .#
#...)....## .#
#......#(8..#..#.#
.....##.##.(....$...
........##..#######


You could see Grinder and a giant cockroach (wandering).

Vanquished Creatures
  2 adders (D:2)
  A worm (D:2)
  3 giant geckos
  An ooze (D:1)
  3 hobgoblins
  6 jackals
  7 kobolds
  9 bats
  4 giant cockroaches
  6 giant newts
  4 goblins
  5 rats
51 creatures vanquished.

Notes
Turn   | Place    | Note
--------------------------------------------------------------
     0 | D:1      | maniek23, the Vampire Enchanter, began the quest for the Orb.
     0 | D:1      | Reached XP level 1. HP: 13/13 MP: 3/3
   115 | D:1      | Reached XP level 2. HP: 19/19 MP: 4/4
   310 | D:1      | Reached XP level 3. HP: 15/25 MP: 6/6
   574 | D:2      | Reached skill level 5 in Stealth
   598 | D:2      | Learned a level 2 spell: Ensorcelled Hibernation
  1007 | D:2      | Reached XP level 4. HP: 27/31 MP: 7/7
  1094 | D:3      | Noticed Grinder
  1096 | D:3      | Paralysed by Grinder for 6 turns
  1115 | D:3      | Paralysed by Grinder for 5 turns
  1119 | D:3      | Killed from afar by Grinder

Action                   |  1- 3 |  4- 6 || total
-------------------------+-------+-------++-------
Melee: Dagger            |   122 |    22 ||   144
 Cast: Ensorcelled Hiber |     1 |       ||     1
       Corona            |       |     2 ||     2
 Stab: Sleeping          |     4 |       ||     4
  Eat: Corpse            |     7 |       ||     7
